Map: Frost LE

Players

Sam

  • Race: Zerg Zerg
  • League: Silver
  • Spawn Location: 5:00

Fropez - Winner!

  • Race: Protoss Protoss
  • League: Gold
  • Spawn Location: 11:00

VOD

Have the link to the VOD?

Description

Time

  • Played on: Sept. 14, 2016, 3:17 p.m.
  • Length: 11:55
Show
View Real Time Build Order
Export as new Build Order

Sam Zerg 

Build Orders: Hatch First, Lurkers 

Get SALT Encoding   

  12  0:01  Drone  
  13  0:13  Overlord  
  13  0:40  Hatchery  
  12  0:57  Spawning Pool  
  12  1:01  Drone  
  12  1:05  Drone  
  12  1:10  Drone  
  14  1:16  Drone  
  15  1:24  Overlord  
  15  1:35  Drone  
  15  1:36  Extractor  
  15  1:53  Queen  
  17  1:55  Queen  
  17  1:58  Drone  
  20  2:03  Drone  
  20  2:05  Drone  
  22  2:20  Roach Warren  
  22  2:22  Drone  
  22  2:31  Drone x2  
  24  2:42  Lair  
  24  2:45  Drone  
  24  2:51  Extractor, Drone  
  25  2:57  Drone x2  
  27  3:04  Zergling x2  
  27  3:05  Zergling x2  
  29  3:09  Overlord  
  29  3:17  Drone x2  
  29  3:19  Drone  
  32  3:29  Drone x3  
  34  3:46  Roach  
  34  3:47  Roach x3  
  34  3:48  Zergling x2  
  43  3:50  Zergling x2  
  44  4:00  Hydralisk Den  
  44  4:01  Drone  
  44  4:06  Overlord  
  44  4:08  Overlord  
  44  4:25  Overlord  
  44  4:27  Overlord  
  44  4:29  Roach x4  
  52  4:41  Metabolic Boost  
  52  4:44  Lurker Den  
  52  4:47  Drone x2  
  52  4:48  Drone  
  53  5:20  Hydralisk x2  
  53  5:21  Hydralisk x2  
  52  5:25  Drone x2  
  54  5:37  Overlord x2  
  53  5:45  Hydralisk x2  
  25  6:50  Hydralisk x6  
  37  7:08  Drone  
  37  7:09  Drone  
  39  7:17  Lurker  
  26  7:43  Lurker  
  23  7:49  Drone x3  
  23  7:50  Drone x5  
  31  7:52  Queen  
  33  7:59  Drone  
  34  8:11  Lurker x2  
  36  8:17  Drone x3  
  39  8:24  Drone x2  
  32  8:58  Hydralisk  
  32  8:59  Hydralisk x4  
  39  9:05  Zergling x8  
  43  9:18  Drone x2  
  45  9:28  Drone x2  
  47  9:34  Hydralisk x4  
  55  9:39  Drone  
  50  10:31  Overlord  
  50  10:32  Overlord x4  
  50  10:35  Overlord x3  
  50  10:48  Evolution Chamber  
  49  10:51  Spine Crawler  
  48  10:57  Hydralisk x4  
  48  11:02  Zergling x2  
  57  11:23  Hatchery  
  45  11:39  Lurker  
  45  11:40  Lurker x3  
Show
View Real Time Build Order
Export as new Build Order

Fropez Protoss - Winner!

Build Orders: Mass Adepts 

Get SALT Encoding   

  12  0:01  Probe (Chrono Boost)  
  13  0:16  Pylon  
  13  0:19  Probe (Chrono Boost)  
  14  0:29  Probe (Chrono Boost)  
  15  0:36  Gateway  
  15  0:40  Probe (Chrono Boost)  
  16  0:54  Probe (Chrono Boost)  
  17  1:00  Pylon  
  17  1:04  Probe (Chrono Boost)  
  17  1:07  Assimilator  
  18  1:25  Cybernetics Core  
  18  1:26  Probe (Chrono Boost)  
  19  1:47  Nexus  
  19  1:51  Pylon  
  19  1:59  Probe (Chrono Boost), Assimilator  
  20  2:03  Warp Gate (Chrono Boost)  
  20  2:10  Adept  
  20  2:15  Probe  
  23  2:27  Probe  
  24  2:34  Gateway  
  24  2:38  Adept  
  28  2:44  Mothership Core  
  28  2:57  Pylon  
  28  2:58  Probe  
  28  3:05  Probe  
  30  3:16  Gateway  
  30  3:21  Probe  
  31  3:36  Robotics Facility  
  31  3:38  Probe  
  31  3:39  Probe  
  33  3:42  Pylon  
  33  3:50  Probe  
  33  3:54  Adept  
  36  4:05  Adept  
  38  4:11  Pylon, Probe x2  
  38  4:16  Adept x2  
  44  4:29  Immortal  
  48  4:36  Adept  
  50  4:58  Adept x3  
  56  5:14  Immortal  
  60  5:22  Adept x3, Probe  
  60  5:24  Probe  
  68  5:29  Assimilator  
  68  5:31  Assimilator  
  68  5:33  Probe  
  69  5:36  Twilight Council  
  59  6:23  Stalker  
  59  6:24  Stalker x2  
  63  6:26  Probe, Immortal  
  66  6:38  Blink (Chrono Boost)  
  62  6:42  Probe  
  62  6:44  Probe  
  62  6:48  Stalker x3  
  66  7:05  Observer  
  66  7:06  Gateway  
  66  7:08  Pylon  
  67  7:11  Stalker x2  
  67  7:12  Stalker  
  73  7:26  Observer  
  70  7:47  Stalker x3  
  70  7:50  Immortal  
  80  8:15  Zealot x3  
  86  8:45  Pylon  
  84  9:03  Stalker x2  
  84  9:04  Stalker x2  
  92  9:17  Probe  
  92  9:19  Probe  
  94  9:34  Nexus  
  94  9:38  Charge (Chrono Boost), Assimilator  
  94  9:40  Assimilator  
  94  9:43  Pylon  
  94  9:46  Pylon  
  94  9:51  Pylon  
  94  10:00  Probe  
  94  10:01  Probe  
  94  10:10  Probe  
  94  10:13  Probe  
  92  10:16  Pylon  
  92  10:21  Probe  
  86  10:25  Probe  
  86  10:28  Stalker x4  
  92  10:40  Probe  
  92  10:41  Probe, Dark Shrine  
  98  10:44  Warp Prism  
  98  10:46  Probe  
  97  10:50  Probe  
  98  11:04  Probe  
  98  11:09  Stalker x2  
  98  11:10  Stalker x2  
Tags
 
Matchup
PvZ
Replay Pack
All Mines
Spawn Locations
Cross Positions
Add a new tag
Caveats
  • Supply blocks, unpowered buildings, or Contaminate may cause inaccurate times.
  • Supply counts are checked every 10 seconds.